 Dungeon Crawl Stone Soup version 0.29-a0-330-g52719c12eb (webtiles) character file.

Game seed: 4731945825595612126

294392 Crownlay the Ninja (level 20, 0/113 HPs)
             Began as a Spriggan Hunter on May 14, 2022.
             Was the Champion of Dithmenos.
             Killed from afar by an ironbound frostheart (26 damage)
             ... by creeping frost
             ... on level 3 of the Vaults on May 15, 2022.
             The game lasted 02:23:43 (56110 turns).

Crownlay the Ninja (Spriggan Hunter)               Turns: 56110, Time: 02:23:44

Health: 0/113      AC:  6    Str: 13    XL:     20   Next: 3%
Magic:  35/35      EV: 49    Int: 10    God:    Dithmenos [******]
Gold:   3740       SH:  5    Dex: 34    Spells: 40/40 levels left

rFire   + . .      SeeInvis +   a - +5 shortbow (vorpal)
rCold   + . .      Faith    .   (shield currently unavailable)
rNeg    . . .      Spirit   .   K - +2 robe {rC+ rF+}
rPois   .          Reflect  +   O - +2 hat
rElec   .          Harm     .   Z - scarf {repulsion}
rCorr   .          Rampage  .   (gloves unavailable)
Will    +++..                   (boots unavailable) Stlth #*********
                                o - amulet of reflection
HPRegen 0.28/turn               j - +6 ring of dexterity
MPRegen 0.24/turn               W - +6 ring of strength

@: frozen, wreathed by umbra, repel missiles, quick
A: very small, no large weapons, unfitting armour, see invisible, speed 3
}: 2/15 runes: serpentine, barnacled
a: Renounce Religion, Shadow Step, Shadow Form


You were on level 3 of the Vaults.
You worshipped Dithmenos.
Dithmenos was exalted by your worship.
You visited 7 branches of the dungeon, and saw 35 of its levels.
You also visited: Ice Cave.

You collected 6914 gold pieces.
You spent 3174 gold pieces at shops.

Inventory:

Hand Weapons
 a - a +5 vorpal shortbow (weapon)
Missiles
 q - 7 throwing nets (quivered)
Armour
 K - a +2 robe of resistance (worn)
 O - a +2 hat (worn)
 U - a +2 robe of willpower
 Z - a scarf of repulsion (worn)
Jewellery
 b - a ring of protection from fire
 j - a +6 ring of dexterity (left hand)
 m - a +4 ring of slaying
 o - an amulet of reflection (around neck)
 B - a ring of protection from fire
 Q - a ring of protection from cold
 T - a ring of magical power
 W - a +6 ring of strength (right hand)
Wands
 e - a wand of mindburst (15)
 n - a wand of charming (7)
 s - a wand of iceblast (22)
 C - a wand of flame (46)
 R - a wand of digging (20)
 S - a wand of polymorph (3)
Scrolls
 c - 5 scrolls of immolation
 d - a scroll of silence
 g - 16 scrolls of teleportation
 i - 6 scrolls of fog
 p - 3 scrolls of blinking
 u - 6 scrolls of identify
 x - 9 scrolls of amnesia
 D - 5 scrolls of fear
 E - 5 scrolls of magic mapping
 H - a scroll of holy word
 V - 3 scrolls of enchant armour
 X - 2 scrolls of brand weapon
Potions
 f - 6 potions of haste
 h - 4 potions of might
 k - 4 potions of ambrosia
 l - 15 potions of lignification
 r - 9 potions of flight
 v - 8 potions of curing
 A - 2 potions of resistance
 F - 6 potions of magic
 G - 2 potions of invisibility
 I - 5 potions of heal wounds
 L - 2 potions of brilliance
 M - 3 potions of cancellation
 Y - 2 potions of mutation
Miscellaneous
 w - a condenser vane


   Skills:
 - Level 15.0 Fighting
 - Level 25.0 Bows
 * Level 20.1 Dodging
 O Level 27 Stealth
 - Level 10.6 Spellcasting
 + Level 6.1 Hexes
 + Level 7.1 Translocations
 - Level 6.2 Transmutations
 - Level 11.3 Invocations
 - Level 10.3 Evocations


You had 40 spell levels left.
You didn't know any spells.
Your spell library contained the following spells:

 Spells                   Type           Power      Damage    Failure   Level
 Apportation              Tloc           38%        N/A       1%          1
 Blink                    Tloc           38%        N/A       1%          2
 Portal Projectile        Hex/Tloc       36%        N/A       2%          3
 Tukima's Dance           Hex            17%        N/A       3%          3
 Passage of Golubria      Tloc           19%        N/A       7%          4
 Dazzling Flash           Conj/Hex       22%        N/A       11%         3
 Inner Flame              Hex/Fire       11%        N/A       11%         3
 Summon Guardian Golem    Hex/Summ       11%        N/A       11%         3
 Cause Fear               Hex            8%         N/A       11%         4
 Freeze                   Ice            20%        1d4       13%         1
 Summon Small Mammal      Summ           20%        N/A       13%         1
 Ignite Poison            Fire/Tmut/Pois 9%         N/A       16%         3
 Corpse Rot               Necr/Air       10%        N/A       19%         2
 Poisonous Vapours        Pois/Air       10%        N/A       19%         2
 Manifold Assault         Tloc           19%        N/A       19%         5
 Blade Hands              Tmut           8%         N/A       26%         5
 Yara's Violent Unravell  Hex/Tmut       8%         3d5       28%         5
 Iskenderun's Mystic Bla  Conj/Tloc      12%        2d5       30%         4
 Call Canine Familiar     Summ           5%         N/A       36%         3
 Conjure Flame            Conj/Fire      5%         6-21      36%         3
 Frozen Ramparts          Ice            10%        1d3       36%         3
 Leda's Liquefaction      Hex/Erth       5%         N/A       36%         4
 Alistair's Intoxication  Tmut/Pois      7%         N/A       69%         5
 Dispersal                Tloc           9%         N/A       71%         6
 Animate Armour           Summ/Erth      10%        N/A       77%         4
 Hailstorm                Conj/Ice       5%         3d4       77%         4
 Sticky Flame             Conj/Fire      5%         2d3       77%         4
 Fireball                 Conj/Fire      2%         3d4       98%         5
 Iron Shot                Conj/Erth      2%         9d2       100%        6
 Starburst                Conj/Fire      2%         6d3       100%        6
 Malign Gateway           Summ/Tloc      6%         N/A       100%        7
 Storm Form               Tmut/Air       5%         N/A       100%        7
 Discord                  Hex            8%         N/A       100%        8
 Disjunction              Tloc           9%         N/A       100%        8
 Ignition                 Fire           2%         3d3       100%        8
 Summon Horrible Things   Summ           2%         N/A       100%        8


Dungeon Overview and Level Annotations

Branches:
Dungeon (15/15)            Temple (1/1) D:5            Lair (6/6) D:10
 Shoals (4/4) Lair:4        Snake (4/4) Lair:4        Slime (0/5) Lair:5
    Orc (2/2) D:11            Elf (0/3) Orc:2        Vaults (3/5) D:14
  Crypt (0/3) Vaults:2     Depths (0/4) D:15          IceCv (visited)

Altars:
Ashenzari
Cheibriados
Dithmenos
Elyvilon
Fedhas
Gozag
Hepliaklqana
Kikubaaqudgha
Makhleb
Nemelex Xobeh
Okawaru
Qazlal
Ru
Sif Muna
Trog
Uskayaw
Vehumet
Wu Jian
Xom
Yredelemnul
Zin
The Shining One
Jiyva

Shops:
D:7 *   D:9 :   Orc:2 :[*?   Shoals:4 (   Snake:4 ?(=   Vaults:1 (

Portals:
Hell: Lair:6
Pandemonium: Orc:2

Annotations:
Lair:4 1 runed translucent door, kaladindcss's ghost, journeyman MiFi
Shoals:2 1 runed translucent door, gruber's ghost, adept GrEE


Innate Abilities, Weirdness & Mutations

You are very small and have problems with some larger weapons.
You are too small for most types of armour.
You have supernaturally acute eyesight. (SInv)
You cover ground extremely quickly. (Speed+++)


Message History

You kill the necromancer!
Dithmenos accepts your kill.
Your shadow shoots an arrow.
The ironbound frostheart calls freezing cold from the walls.
The frost grips you!! You partially resist.
You are encased in ice.
You are too injured to fight recklessly!
You are too injured to fight recklessly!
You are too injured to fight recklessly!
You are too injured to fight recklessly!
You are too injured to fight recklessly!
Shoot: a) +5 shortbow (vorpal)
Press: ? - help, Shift-Dir - straight line, f - vault sentinel skeleton
Aim: a vault sentinel skeleton (umbra, 87% to hit)
You shoot an arrow.
The arrow hits the vault sentinel skeleton!
The vault sentinel skeleton is moderately damaged.
Your shadow shoots an arrow.
The arrow hits the vault sentinel skeleton.
Shoot: a) +5 shortbow (vorpal)
Press: ? - help, Shift-Dir - straight line, f/p - vault sentinel skeleton
Aim: a vault sentinel skeleton (moderately damaged, umbra, 87% to hit)
You shoot an arrow.
The arrow hits the vault sentinel skeleton.
The vault sentinel skeleton is heavily damaged.
Your shadow shoots an arrow.
The arrow barely misses the vault sentinel skeleton.
The ironbound frostheart calls freezing cold from the walls.
The frost grips you!! You partially resist.
* * * LOW HITPOINT WARNING * * *
Shoot: a) +5 shortbow (vorpal)
Press: ? - help, Shift-Dir - straight line, f/p - vault sentinel skeleton
Aim: a vault sentinel skeleton (heavily damaged, umbra, 87% to hit)
You shoot an arrow.
The arrow completely misses the vault sentinel skeleton.
The arrow hits the vault warden skeleton!!
The vault warden skeleton is moderately damaged.
The ironbound frostheart calls freezing cold from the walls.
The frost grips you!! You partially resist.
You die...

#..Z.##########
#....#.........
#...)'p########
.....####Z#.# #...#
#.#.# # #... #Z#)#u
.. #.. #.#+#Juu# ##
#.# J.. #@#####.#
#.#..?+
#.#########.
#...........
##########'########
+..........#
+..........#
#..........#
#..........#


You could see an ironbound frostheart (soul bound), a vault sentinel skeleton
and a vault warden skeleton.

Vanquished Creatures
  A dread lich (Vaults:2)
  Saint Roka (Vaults:1)
  Jory (Vaults:2)
  Nikola (Snake:2)
  A bone dragon (Vaults:2)
  Polyphemus (Shoals:4)
  Agnes (D:15)
  2 sphinxes
  Frances (D:14)
  6 vault wardens
  5 nagarajas
  A deep elf sorcerer (Vaults:2)
  An orc warlord (Vaults:1)
  7 ironbound preservers
  3 very ugly things (Vaults:1)
  3 ironbound thunderhulks
  A caustic shrike skeleton (D:15)
  2 war gargoyles
  A reaper (IceCv)
  3 dire elephants
  4 merfolk javelineers (Shoals:4)
  A quicksilver dragon zombie (D:15)
  9 merfolk impalers
  2 crystal guardians
  Josephine (Orc:1)
  3 salamander tyrants
  2 great orbs of eyes
  9 yaktaur captains
  8 hydras
  A spriggan zombie (D:15)
  Harold (Orc:1)
  4 boulder beetles
  A rakshasa (D:14)
  2 peacekeepers
  20 naga warriors
  8 ironbound frosthearts
  19 centaur warriors
  2 alligator snapping turtles (Shoals:4)
  15 anacondas
  2 demonspawn (Orc:2)
  3 catoblepae
  5 death yaks
  3 satyrs
  7 two-headed ogres
  3 merfolk avatars
  6 merfolk aquamancers
  4 orc high priests (Orc:2)
  A tengu warrior (D:15)
  10 naga sharpshooters
  8 shock serpents
  3 salamander mystics
  A sun demon (Lair:6)
  12 skeletal warriors
  16 deep trolls
  2 flayed ghosts
  7 naga ritualists
  23 sea snakes
  9 ironbound convokers
  6 lindwurms (Vaults:1)
  5 wizards
  2 necromancers
  A tengu zombie (D:15)
  10 orc knights
  38 harpies
  11 orc sorcerers
  14 fauns
  4 deep elf pyromancers
  11 ugly things
  A mana viper (Snake:3)
  A wolf spider (D:13)
  8 cyclopes
  11 manticores
  8 guardian serpents
  16 salamanders
  12 vault sentinels
  11 elephants
  7 merfolk sirens
  6 water nymphs
  21 naga magi
  25 black mambas
  A gargoyle (D:13)
  A torpor snail (Lair:2)
  2 ice statues (IceCv)
  2 smoke demons (Orc:2)
  12 cane toads
  An unseen horror (D:13)
  An orange demon (Orc:2)
  8 komodo dragons
  9 rime drakes
  22 yaktaurs
  An anaconda simulacrum (IceCv)
  2 hellwings
  An efreet (D:14)
  A tengu conjurer (D:15)
  11 ice devils
  A freezing wraith (IceCv)
  2 red devils
  9 trolls
  27 merfolk
  2 polar bears (Lair:4)
  10 wind drakes
  21 slime creatures
  7 snapping turtles
  Grinder (D:4)
  11 dream sheep
  17 blink frogs
  A centaur simulacrum (D:13)
  13 water elementals
  6 wraiths
  34 yaks
  A vampire (D:9)
  4 basilisks
  3 wyverns
  2 steam dragons
  6 wargs
  3 death yak simulacra (IceCv)
  49 nagas
  10 vampire mosquitoes
  4 hell hounds (Lair:6)
  A harpy simulacrum (IceCv)
  17 water moccasins
  4 ice beasts
  37 orc warriors
  A black bear (Lair:5)
  10 ogres
  A human skeleton (Vaults:3)
  4 wolves (Lair:5)
  9 boggarts
  9 centaurs
  A phantom (D:6)
  2 kobold brigands
  4 scorpions
  8 bullfrogs
  3 two-headed ogre simulacra (IceCv)
  16 wights
  A cane toad simulacrum (IceCv)
  14 killer bees
  6 howler monkeys
  2 hounds
  2 jellies
  A gnoll shaman (Orc:1)
  26 orc priests
  Natasha (thrice) (D:4)
  2 iguanas
  2 polar bear simulacra (IceCv)
  5 hell rats (Lair:6)
  19 orc wizards
  A spriggan simulacrum (IceCv)
  3 troll simulacra (IceCv)
  Robin (D:4)
  6 gnolls (Orc:1)
  7 adders
  3 naga simulacra (IceCv)
  2 white imps (D:7)
  4 ufetubi
  2 worms
  4 dart slugs
  88 orcs
  10 endoplasms
  2 giant cockroaches
  11 goblins
  6 hobgoblins
  7 jackals
  6 kobolds
  A quokka (D:2)
  3 training dummies (Shoals:4)
  4 ball pythons
  7 bats
  3 frilled lizards
  3 rats
1222 creatures vanquished.

Vanquished Creatures (others)
  A naga warrior (Snake:4)
  A wizard (Vaults:3)
  A dream sheep (Shoals:3)
  A naga (Snake:3)
  A howler monkey (D:7)
  32 fungi
  129 plants
  6 withered plants (D:15)
172 creatures vanquished.

Grand Total: 1394 creatures vanquished

Notes
Turn   | Place    | Note
-------+----------+-------------------------------------------
     0 | D:1      | Crownlay the Spriggan Hunter began the quest for the Orb.
     0 | D:1      | Reached XP level 1. HP: 10/10 MP: 2/2
   105 | D:1      | Found a faded altar of an unknown god.
   156 | D:1      | Reached skill level 5 in Bows
   291 | D:1      | Reached skill level 2 in Stealth
   335 | D:1      | Reached XP level 2. HP: 14/14 MP: 3/3
  1131 | D:2      | Reached skill level 3 in Stealth
  1131 | D:2      | Reached XP level 3. HP: 18/18 MP: 4/4
  1512 | D:2      | Identified a scroll of acquirement
  1513 | D:2      | Acquired 1052 gold pieces
  1694 | D:3      | Reached XP level 4. HP: 22/22 MP: 5/5
  2147 | D:4      | Noticed Natasha
  2155 | D:4      | Killed Natasha
  2156 | D:4      | Reached skill level 4 in Stealth
  2360 | D:4      | Noticed Natasha
  2362 | D:4      | Killed Natasha
  2363 | D:4      | Reached XP level 5. HP: 25/25 MP: 6/6
  2480 | D:4      | Noticed Natasha
  2488 | D:4      | Killed Natasha
  2713 | D:4      | Found a hazy altar of Hepliaklqana.
  2794 | D:4      | Noticed Grinder
  2799 | D:4      | Paralysed by Grinder for 6 turns
  2809 | D:4      | Killed Grinder
  2810 | D:4      | Reached skill level 10 in Bows
  2810 | D:4      | Reached skill level 5 in Stealth
  2810 | D:4      | Reached XP level 6. HP: 4/30 MP: 7/7
  3119 | D:4      | Reached skill level 6 in Stealth
  3345 | D:4      | Noticed Robin
  3359 | D:4      | Killed Robin
  3758 | D:5      | Entered Level 5 of the Dungeon
  3803 | D:5      | Reached XP level 7. HP: 33/33 MP: 8/8
  3831 | D:5      | Reached skill level 7 in Stealth
  3890 | D:5      | Found a staircase to the Ecumenical Temple.
  3911 | Temple   | Entered the Ecumenical Temple
  4189 | D:5      | You fall into a shaft and drop 1 floor!
  4895 | D:6      | Reached skill level 8 in Stealth
  4895 | D:6      | Reached XP level 8. HP: 22/39 MP: 9/9
  5894 | D:7      | Reached skill level 9 in Stealth
  6352 | D:7      | Reached skill level 15 in Bows
  6636 | D:7      | Found Dag Lir's Island Escapes.
  6761 | D:7      | Bought a potion of invisibility for 120 gold pieces
  6761 | D:7      | Bought a scroll of fog for 30 gold pieces
  6761 | D:7      | Bought a potion of flight for 45 gold pieces
  6761 | D:7      | Bought a scroll of blinking for 112 gold pieces
  6761 | D:7      | Bought a scroll of teleportation for 45 gold pieces
  6863 | D:8      | Reached XP level 9. HP: 33/45 MP: 10/10
  6967 | D:8      | Noticed a two-headed ogre
  6980 | D:8      | Killed a two-headed ogre
  6981 | D:8      | Reached skill level 10 in Stealth
  7389 | D:8      | Reached skill level 11 in Stealth
  7887 | D:8      | Found a basalt altar of Yredelemnul.
  8269 | D:8      | Reached skill level 5 in Fighting
  8288 | D:8      | Found a broken altar of Ashenzari.
  8334 | D:9      | Noticed a troll
  8346 | D:9      | Killed a troll
  8523 | D:9      | Found Axait's Self-Improvement Boutique.
  8655 | D:9      | Reached XP level 10. HP: 39/51 MP: 11/11
  8815 | D:9      | Reached skill level 1 in Evocations
  9035 | D:10     | Entered Level 10 of the Dungeon
  9053 | D:10     | Reached skill level 1 in Invocations
  9168 | D:10     | Noticed a cyan ugly thing
  9187 | D:10     | Killed a cyan ugly thing
  9188 | D:10     | Reached skill level 12 in Stealth
  9232 | D:10     | Noticed a flayed ghost
  9249 | D:10     | Reached skill level 5 in Dodging
  9293 | D:10     | Killed a flayed ghost
  9649 | D:10     | Found a shimmering altar of Xom.
  9650 | D:10     | Found a blossoming altar of Fedhas.
  9911 | D:10     | Found a staircase to the Lair.
 10099 | D:10     | Found a bloodstained altar of Trog.
 10104 | D:10     | Found a sparkling altar of Nemelex Xobeh.
 10104 | D:10     | Found a radiant altar of Vehumet.
 10105 | D:10     | Found an ornate altar of the Wu Jian Council.
 10107 | D:10     | Found a shadowy altar of Dithmenos.
 10110 | D:10     | Became a worshipper of Dithmenos the Shadowed
 10112 | D:10     | Found an opulent altar of Gozag.
 10137 | D:10     | Found a shimmering blue altar of Sif Muna.
 10310 | D:10     | Noticed a cyclops
 10325 | D:10     | Killed a cyclops
 10381 | D:10     | Reached XP level 11. HP: 53/56 MP: 14/14
 10440 | D:10     | Noticed a deep elf pyromancer
 10449 | D:10     | Killed a deep elf pyromancer
 10450 | D:10     | Reached skill level 13 in Stealth
 10689 | D:11     | Found a staircase to the Orcish Mines.
 10709 | D:11     | Reached skill level 5 in Evocations
 10765 | D:11     | Reached * piety under Dithmenos
 11006 | D:11     | Found a shadowy altar of Dithmenos.
 11448 | D:11     | Noticed a two-headed ogre
 11469 | D:11     | Killed a two-headed ogre
 11850 | D:12     | Found a frozen archway.
 11857 | IceCv    | Entered an ice cave
 11955 | IceCv    | Reached ** piety under Dithmenos
 13482 | IceCv    | Reached skill level 10 in Dodging
 13652 | IceCv    | Reached skill level 14 in Stealth
 13652 | IceCv    | Reached skill level 5 in Invocations
 14140 | IceCv    | Noticed a reaper
 15057 | IceCv    | Killed a reaper
 15058 | IceCv    | Reached XP level 12. HP: 51/63 MP: 15/17
 16041 | D:12     | Noticed a centaur warrior
 16098 | D:12     | Noticed a two-headed ogre
 16103 | D:12     | Killed a two-headed ogre
 16103 | D:12     | Reached *** piety under Dithmenos
 16360 | D:12     | Killed a centaur warrior
 16572 | D:13     | Noticed a centaur warrior
 16576 | D:13     | Killed a centaur warrior
 16787 | Lair:1   | Entered Level 1 of the Lair of Beasts
 16848 | Lair:1   | Reached skill level 15 in Stealth
 17988 | Lair:2   | Noticed a death yak
 18023 | Lair:2   | Killed a death yak
 18208 | Lair:2   | Acquired a manual of Stealth
 18380 | Lair:3   | Noticed an eight-headed hydra
 18403 | Lair:3   | Killed an eight-headed hydra
 18404 | Lair:3   | Reached XP level 13. HP: 68/68 MP: 19/19
 18481 | Lair:3   | Reached **** piety under Dithmenos
 19195 | Lair:4   | Reached skill level 16 in Stealth
 19308 | Lair:4   | Found a staircase to the Shoals.
 19497 | Lair:4   | Found a staircase to the Snake Pit.
 19550 | Lair:4   | Found a runed translucent door.
 19550 | Lair:4   | Found a shimmering altar of Xom.
 19550 | Lair:4   | Noticed kaladindcss's ghost (journeyman MiFi)
 19717 | Lair:4   | Identified the +2 robe "Lotza" {Archmagi}
 20187 | Lair:5   | Found a staircase to the Slime Pits.
 20188 | Lair:5   | Found a viscous altar of Jiyva.
 20587 | Lair:5   | Reached skill level 17 in Stealth
 20727 | Lair:5   | Reached skill level 10 in Evocations
 21207 | Lair:6   | Entered Level 6 of the Lair of Beasts
 21224 | Lair:6   | Reached ***** piety under Dithmenos
 22103 | Lair:6   | Reached skill level 15 in Dodging
 22472 | Lair:6   | Reached XP level 14. HP: 75/75 MP: 21/21
 22488 | Lair:6   | Reached skill level 18 in Stealth
 22702 | Lair:6   | Found a burning altar of Makhleb.
 22960 | Lair:6   | Found a gateway to Hell.
 22960 | Lair:6   | Found the +2 Maxwell's thermic engine {flame, freeze}
 23363 | Orc:1    | Entered Level 1 of the Orcish Mines
 23373 | Orc:1    | Noticed Josephine
 23389 | Orc:1    | Killed Josephine
 23986 | Orc:2    | Entered Level 2 of the Orcish Mines
 24149 | Orc:1    | Noticed Harold
 24384 | Orc:2    | Found Gigh's General Store.
 24387 | Orc:2    | Found Laise's Magic Scroll Boutique.
 24574 | Orc:2    | Bought 3 scrolls of fear for 189 gold pieces
 24574 | Orc:2    | Bought a scroll of teleportation for 54 gold pieces
 24576 | Orc:2    | Bought a scroll of magic mapping for 35 gold pieces
 24576 | Orc:2    | Bought a scroll of magic mapping for 35 gold pieces
 24576 | Orc:2    | Bought a scroll of teleportation for 30 gold pieces
 24668 | Orc:2    | Reached ****** piety under Dithmenos
 24724 | Orc:2    | Found a staircase to the Elven Halls.
 24762 | Orc:2    | Reached skill level 19 in Stealth
 25283 | Orc:2    | Reached skill level 10 in Fighting
 26005 | Orc:2    | Found Maqedips's Book Emporium.
 26005 | Orc:2    | Found Coqos's Antique Armour Shoppe.
 26011 | Orc:2    | Found a one-way gate leading to the halls of Pandemonium.
 26247 | Orc:1    | Killed Harold
 26302 | Orc:1    | Reached skill level 20 in Stealth
 26869 | D:13     | Reached XP level 15. HP: 80/80 MP: 23/23
 27597 | D:14     | Noticed Frances
 27651 | D:14     | Killed Frances
 27854 | D:14     | Reached skill level 10 in Invocations
 28131 | D:14     | Reached skill level 21 in Stealth
 28415 | D:14     | Found a gate to the Vaults.
 28622 | D:15     | Entered Level 15 of the Dungeon
 28770 | D:15     | Noticed Agnes
 29349 | D:15     | Killed Agnes
 29817 | D:15     | Reached skill level 22 in Stealth
 29868 | D:15     | Found a staircase to the Depths.
 30185 | D:15     | Found a sparkling altar of Nemelex Xobeh.
 30561 | Shoals:1 | Entered Level 1 of the Shoals
 31041 | Shoals:1 | Reached XP level 16. HP: 84/85 MP: 24/24
 31941 | Shoals:2 | Reached skill level 1 in Spellcasting
 31990 | Shoals:2 | Acquired 1047 gold pieces
 32004 | Shoals:2 | Reached skill level 23 in Stealth
 32464 | Shoals:2 | Found a runed translucent door.
 32465 | Shoals:2 | Found a shimmering altar of Xom.
 32465 | Shoals:2 | Noticed gruber's ghost (adept GrEE)
 32467 | Shoals:2 | Identified the +3 dire flail "Ziur" {chaos, rC- Str+7}
 32642 | Shoals:2 | You fall into a shaft and drop 1 floor!
 33541 | Shoals:3 | Reached skill level 24 in Stealth
 34227 | Shoals:3 | Reached skill level 25 in Stealth
 34556 | Shoals:4 | Entered Level 4 of the Shoals
 34565 | Shoals:4 | Noticed Polyphemus
 34570 | Shoals:3 | Reached skill level 5 in Spellcasting
 35112 | Shoals:4 | Killed Polyphemus
 35113 | Shoals:4 | Reached skill level 1 in Translocations
 35207 | Shoals:4 | Reached skill level 1 in Hexes
 35207 | Shoals:4 | Reached skill level 1 in Transmutations
 36234 | Shoals:4 | Reached XP level 17. HP: 91/91 MP: 28/28
 36348 | Shoals:4 | Found Zyesebu's Firing Range.
 37498 | Shoals:4 | Identified the +2 arbalest of Equilibrium {elec, Fragile
                  | rElec rPois rF- rCorr}
 37723 | Shoals:4 | Reached skill level 5 in Translocations
 37752 | Shoals:4 | Got a barnacled rune of Zot
 37980 | Snake:1  | Entered Level 1 of the Snake Pit
 38371 | Snake:1  | Reached skill level 5 in Transmutations
 39095 | Snake:2  | Reached skill level 5 in Hexes
 39396 | Snake:2  | Reached skill level 10 in Spellcasting
 39666 | Snake:2  | Identified the +0 robe "Kouwodaq" {Contam Will++ rCorr
                  | Int+3}
 40691 | Snake:2  | Noticed Nikola
 40723 | Snake:2  | Killed Nikola
 41821 | Snake:3  | Reached skill level 26 in Stealth
 41821 | Snake:3  | Reached XP level 18. HP: 77/96 MP: 33/33
 43373 | Snake:3  | Reached skill level 27 in Stealth
 43736 | Snake:4  | Entered Level 4 of the Snake Pit
 43741 | Snake:4  | Found Ukugaharch's Jewellery Emporium.
 44875 | Snake:4  | Acquired 648 gold pieces
 44877 | Snake:4  | Acquired 975 gold pieces
 44984 | Snake:4  | Found Fozabenu's Magic Scroll Emporium.
 44990 | Snake:4  | Bought a scroll of fear for 66 gold pieces
 44990 | Snake:4  | Bought a scroll of teleportation for 57 gold pieces
 44990 | Snake:4  | Bought a scroll of teleportation for 57 gold pieces
 44990 | Snake:4  | Bought a scroll of amnesia for 66 gold pieces
 45005 | Snake:4  | Found Hacsue's Antique Weapon Boutique.
 45010 | Snake:4  | Bought a pitted dagger for 217 gold pieces
 45010 | Snake:4  | Identified the +9 dagger of Capital Punishment {protect,
                  | rCorr} (You bought it in a shop on level 4 of the Snake
                  | Pit)
 46804 | Snake:4  | Got a serpentine rune of Zot
 47387 | Vaults:1 | Entered Level 1 of the Vaults
 47520 | D:9      | Bought a manual of Bows for 1200 gold pieces
 48202 | Vaults:1 | Noticed Saint Roka
 49019 | Vaults:1 | Killed Saint Roka
 49376 | Vaults:1 | Reached XP level 19. HP: 86/104 MP: 34/34
 49778 | Vaults:1 | Found Iwuothra's Weapon Boutique.
 51867 | Vaults:2 | Noticed a bone dragon
 51937 | Vaults:2 | Killed a bone dragon
 51997 | Vaults:2 | Noticed a dread lich
 52010 | Vaults:2 | Paralysed by a dread lich for 2 turns
 52032 | Vaults:2 | Noticed a Brimstone Fiend
 52066 | Vaults:2 | Killed a dread lich
 52210 | Vaults:2 | Noticed Jory
 52725 | Orc:2    | Bought a book of Hexes for 432 gold pieces
 52725 | Orc:2    | Bought a book of the Warp for 384 gold pieces
 54680 | Vaults:2 | Found a staircase to the Crypt.
 54981 | Vaults:2 | Killed Jory
 55954 | Vaults:3 | Reached skill level 15 in Fighting
 55967 | Vaults:3 | Reached XP level 20. HP: 95/113 MP: 35/35
 56110 | Vaults:3 | Killed from afar by an ironbound frostheart

Illustrated notes

Levels and vault maps discovered:
D:1:      minmay_arrival_cross, layout_loops_ring,
          ebering_ecumenical_altar_petrified
D:2:      minmay_door_path, layout_basic, kennysheep_cross_bottleneck,
          dk_noncrumbling_3, minmay_misc_feat_pillars, due_unseen_surprise
D:3:      layout_loops_ring
D:4:      wad_crossroads, layout_basic, mainiacjoe_overflow_cross_hatched,
          uniq_natasha, uniq_grinder, uniq_robin
D:5:      layout_rooms, temple_green, serial_curves, eino_curves_03,
          eino_curves_03, eino_curves_03
D:6:      layout_basic, minmay_misc_feat_enclosed
D:7:      layout_loops_ring, serial_glass, glass_columns_a, glass_columns_c,
          minmay_strange_pillars, minmay_strange_pillars,
          minmay_strange_pillars, hangedman_decor_push, nicolae_island_escapes
D:8:      layout_layer_cave, mainiacjoe_overflow_large_starburst
D:9:      layout_basic, nicolae_shop_self_help
D:10:     wad_statue_garden, layout_small_grid, mainiacjoe_overflow_alcove_1,
          minitemple
D:11:     layout_grid_maze, hiddenorc2_lemuel,
          nicolae_dithmenos_through_a_glass_darkly
D:12:     layout_cave_pods, portal_ice_cave_rime
D:13:     layout_irregular_city
D:14:     layout_small_grid, skrybe_vaults_entry_preservation, kennysheep_donut,
          uniq_frances
D:15:     gammafunk_depths_entry_grave, layout_basic,
          chequers_serial_rivers_small_a, nemelex_spade_bored_becter, uniq_agnes
Temple:   dpeg_chambers_temple
Lair:1:   layout_loops_ring, cheibrodos_lair_caveside_slide
Lair:2:   layout_big_grid
Lair:3:   layout_chaotic_city, grunt_forest_small_clearing_treed
Lair:4:   layout_misc_corridors, minmay_shoals_entry_lonely_mermaid,
          dummy_snake_entry, ebering_ghost_xom, grunt_megastairs_2
Lair:5:   layout_cave_pods, slime_altar_1, chequers_serial_rivers_small_3
Lair:6:   evil_forest, layout_cave_pods, st_stairs_13,
          grunt_forest_small_clearings
Shoals:1: layout_shoals
Shoals:2: layout_shoals, ebering_ghost_xom
Shoals:3: layout_shoals, ldierk_geyser
Shoals:4: shoals_end_simple, layout_shoals, nicolae_shop_firing_range,
          uniq_polyphemus
Snake:1:  layout_gridlike, grunt_megastairs_1
Snake:2:  minmay_snake_river, layout_chambers, grunt_megastairs_3, uniq_nikola
Snake:3:  layout_chambers, serial_bayou_shore_a
Snake:4:  snake_pit, layout_cave_shapes, serial_shops, shop, shop_fountains,
          nicolae_shop_temple_entry_statues_fountains
Orc:1:    layout_diamond_mine, uniq_harold, uniq_josephine
Orc:2:    pf_orc_diabolical, layout_diamond_mine
Vaults:1: grunt_vaults_hallway_short, hangedman_vaults_restitches,
          hangedman_vaults_corner, v_alt_pattern_5, hangedman_vaults_pinch,
          vaults_room_hallway, layout_vaults_omnigrid, serial_shops, shop,
          uniq_saint_roka
Vaults:2: nicolae_vaults_sealed_display, v_misc_4,
          nicolae_vaults_little_squares_1, minmay_crypt_entry_nasty_monster,
          v_misc_11, ontoclasm_vaults_gallery, hangedman_vaults_nails,
          ontoclasm_vaults_loading_screen, nicolae_vaults_what_the_h,
          dpeg_vaults_monster_row, layout_vaults_ring, uniq_jory
Vaults:3: nicolae_vaults_stairing_the_circle,
          nicolae_vaults_windows_and_doors_thing, v_pattern_5,
          nicolae_vaults_little_squares_5, hangedman_vaults_hat,
          nicolae_vaults_angled_halls, hangedman_vaults_slice, v_misc_26,
          vaults_room_stairs_pillars, vaults_room_stairs_pillars, v_misc_13,
          layout_vaults_omnibox

Skill      XL: |  1  2  3  4  5  6  7  8  9 10 11 12 13 14 15 16 17 18 19 20 |
---------------+-------------------------------------------------------------+-----
Bows           | 5 6 7 8 10 11 12 15 16 17 18 19 20 22 25 | 25.0
Stealth        | 2 3 4 5 6 8 9 11 12 14 15 17 20 22 25 26 27 | 27.0
Fighting       | 2 3 5 6 7 8 9 10 11 13 15 | 15.0
Dodging        | 7 10 13 15 17 19 20 | 20.1
Evocations     | 4 7 9 10 | 10.3
Invocations    | 3 5 6 8 9 10 11 | 11.3
Spellcasting   | 7 10 | 10.6
Translocations | 2 6 7 |  7.1
Hexes          | 2 5 6 |  6.1
Transmutations | 2 6 |  6.2

Action                   |  1- 3 |  4- 6 |  7- 9 | 10-12 | 13-15 | 16-18 | 19-21 || total
-------------------------+-------+-------+-------+-------+-------+-------+-------++-------
 Fire: Shortbow          |    75 |   133 |   299 |   930 |  1723 |  2448 |   900 ||  6508
Throw: Throwing net      |       |       |       |       |       |     1 |     1 ||     2
Invok: Shadow Step       |       |       |       |       |       |     1 |       ||     1
Evoke: Wand              |       |       |       |     2 |    11 |    13 |     4 ||    30
       Condenser vane    |       |       |       |       |     1 |     1 |     2 ||     4
  Use: Scroll            |     6 |     5 |     6 |    15 |     7 |    10 |     3 ||    52
       Potion            |       |       |     1 |       |       |     5 |       ||     6
Armor: Robe              |     2 |     2 |     2 |     5 |    15 |    14 |     4 ||    44
Dodge: Dodged            |    10 |    26 |    49 |   191 |   459 |   973 |   322 ||  2030
       Repelled          |       |       |       |       |       |    30 |     3 ||    33
Block: Other             |       |       |       |       |       |   139 |    56 ||   195
       Reflection        |       |       |       |       |       |    30 |    19 ||    49

Table legend: (Time is in decaauts)
 A = Elapsed time spent in this place.
 B = Non-inter-level travel time spent in this place.
 C = Inter-level travel time spent in this place.
 D = Time resting spent in this place.
 E = Time spent auto-exploring this place.
 F = Levels seen in this place.
 G = Mean time per level.
                   A        B        C        D        E       F      G
               +--------+--------+--------+--------+--------+-----+--------+
         Total |  43796 |  41780 |   2016 |   7132 |  26346 |  36 | 1216.6 |
       Dungeon |  12989 |  12064 |    925 |    871 |   9007 |  15 |  865.9 |
        Temple |    155 |    142 |     13 |      0 |    136 |   1 |  155.0 |
          Lair |   4965 |   4695 |    270 |    320 |   3588 |   6 |  827.5 |
        Shoals |   6280 |   6116 |    164 |   1668 |   3025 |   4 | 1570.0 |
     Snake Pit |   7255 |   7053 |    202 |    340 |   5454 |   4 | 1813.8 |
  Orcish Mines |   2572 |   2421 |    151 |    383 |   1404 |   2 | 1286.0 |
        Vaults |   6534 |   6245 |    289 |   1494 |   3238 |   3 | 2178.0 |
      Ice Cave |   3044 |   3044 |      0 |   2053 |    491 |   1 | 3044.0 |
               +--------+--------+--------+--------+--------+-----+--------+

Top non-repeatable levels by time:
Vaults:1: 3677 daAuts
   IceCv: 3044 daAuts
 Snake:3: 2685 daAuts
Vaults:2: 2581 daAuts
Shoals:4: 2412 daAuts
 Snake:2: 1969 daAuts
Shoals:3: 1925 daAuts
 Snake:4: 1851 daAuts
   Orc:2: 1762 daAuts
  Lair:6: 1581 daAuts
     D:4: 1364 daAuts
    D:15: 1314 daAuts
    D:10: 1244 daAuts
    D:11: 1146 daAuts
     D:8: 1120 daAuts
